 Dungeon Crawl Stone Soup version 0.31-a0-1074-g0b22e4e0f1 (webtiles) character file.

Game seed: 13787297773729368933

1538 ParallaxScroll the Sneak (level 8, -7/56 HPs)
             Began as an Octopode Artificer on Nov 29, 2023.
             Was a High Priest of Jiyva.
             Mangled by a gnoll sergeant
             ... wielding a +0 trident
              (9 damage)
             ... on level 6 of the Dungeon.
             The game lasted 00:18:36 (3621 turns).

ParallaxScroll the Sneak (Octopode Artificer)       Turns: 3621, Time: 00:18:37

Health: -7/56      AC:  1    Str: 11    XL:     8   Next: 86%
Magic:  0/8        EV: 20    Int: 13    God:    Jiyva [*****.]
Gold:   206        SH:  0    Dex: 15    Spells: 7/7 levels left

rFire   + . .        b - +2 dagger (flame)
rCold   . . .        (no shield)
rNeg    . . .        (helmet restricted)
rPois   .            r - amulet of guardian spirit
rElec   .            s - +5 ring of evasion
rCorr   +            (no ring)
SInv    .            (no ring)
Will    .....        (no ring)
Stlth   ++++         (no ring)
HPRegen 1.73/turn    (no ring)
MPRegen 0.56/turn    (no ring)
                     (no ring)

%: guardian spirit
@: no status effects
A: almost no armour, amphibious, 8 rings, camouflage 1, gelatinous body 1,
(nimble swimmer 1), tentacles, tentacle spike 3, fire resistance 1
a: Renounce Religion, Oozemancy, Slimify


You were on level 6 of the Dungeon.
You worshipped Jiyva.
Jiyva was extremely pleased with you.
You visited 1 branch of the dungeon, and saw 6 of its levels.

You collected 206 gold pieces.

Inventory:

Hand Weapons
 a - a +3 dagger of draining
 b - a +2 dagger of flaming (weapon)
 p - a +0 trident
 q - a +0 morningstar
 t - a +0 short sword
 y - a +0 broad axe
 A - a +2 hand axe of freezing
Missiles
 g - 20 stones
 u - 5 boomerangs
Jewellery
 r - an amulet of guardian spirit (around mantle)
 s - a +5 ring of evasion (left tentacle)
Talismans
 e - a maw talisman
 f - a flux talisman
Wands
 c - a wand of charming (11)
 d - a wand of iceblast (5)
 F - a wand of flame (10) (quivered)
Scrolls
 h - a scroll of teleportation {unknown}
 i - a scroll of silence {unknown}
 k - a scroll of blinking {unknown}
 l - 2 scrolls of identify {unknown}
 o - a scroll of immolation {unknown}
Potions
 j - 3 potions of curing {unknown}
 m - a potion of lignification {unknown}
 n - a potion of attraction {unknown}
 v - a potion of haste {unknown}
 w - a potion of resistance {unknown}
 x - a potion of ambrosia {unknown}
 z - a potion of might {unknown}


   Skills:
 + Level 5.5 Fighting
 - Level 6.0 Short Blades
 - Level 5.0 Dodging
 - Level 6.0 Stealth
 + Level 4.7 Evocations


You had 7 spell levels left.
You didn't know any spells.
Your spell library contained the following spells:

 Spells                   Type           Power      Damage    Failure   Level
 Scorch                   Fire           0%         2d5       43%         2
 Flame Wave               Conj/Fire      0%         2d4       97%         4
 Summon Forest            Summ/Tloc      0%         N/A       100%        5
 Eringya's Noxious Bog    Tmut/Pois      0%         4d6       100%        6
 Summon Cactus Giant      Summ           0%         N/A       100%        6
 Summon Hydra             Summ           0%         N/A       100%        7


Dungeon Overview and Level Annotations

Branches:
Dungeon (6/15)
 Temple: D:4-7

Altars:
Ashenzari
Nemelex Xobeh
Jiyva

Shops:
D:5 *


Innate Abilities, Weirdness & Mutations

You cannot wear most types of armour.
You are amphibious.
You can wear up to eight rings at the same time.
Your skin changes colour to match your surroundings (Stealth+).
Your rubbery body absorbs attacks. (AC +1, EV +1)
((You are camouflaged when in or above water. (Stealth+)))
You have tentacles for arms and can constrict up to eight enemies at once.
One of your tentacles bears a large vicious spike.
Your flesh is heat resistant. (rF+)


Message History

The gnoll sergeant completely misses you.
You hit the ice beast.
You melt the ice beast.
Your tentacle spike misses the ice beast.
The ice beast is almost dead.
The gnoll sergeant hits you from afar with a +0 trident.
The ice beast closely misses you.
Okay, then.
You barely miss the ice beast.
You pierce the ice beast, but do no damage.
The ice beast is almost dead.
The ice beast barely misses you.
The gnoll sergeant hits you from afar with a +0 trident.
You hit the ice beast but do no damage. Your squeeze misses the ice beast.
The ice beast is almost dead.
Aiming: Charm
Press: ? - help, Shift-Dir - straight line, f - adder
Aim: an adder (chance to affect: 69%)
The adder struggles to resist.
The adder barely misses you.
A sky beast comes into view.
The gnoll sergeant closely misses you. The gnoll completely misses you.
The ice beast hits you. The ice beast freezes you!
* * * LOW HITPOINT WARNING * * *
The adder bites you.
* * * LOW HITPOINT WARNING * * *
Aiming: Charm
Press: ? - help, Shift-Dir - straight line, f/p - adder
Aim: an adder (chance to affect: 69%)
The adder is charmed.
The ice beast hits you.
* * * LOW HITPOINT WARNING * * *
The ice beast freezes you!
* * * LOW HITPOINT WARNING * * *
The sky beast flickers out of sight!
Deactivating autopickup; reactivate with Ctrl-A.
The gnoll sergeant barely misses you. The gnoll misses you.
You hit the ice beast.
You melt the ice beast.
You kill the ice beast!
Your adder bites the gnoll sergeant but does no damage.
The gnoll closely misses you.
The gnoll sergeant hits you from afar with a +0 trident!
You die...

###..#..#..#'# #.
###.'...##...#.# #.
####...'...##...#.#
#.
#.##.###.†#..#..'.#
#>
.......##......##.#
#.
#.#.######....###.#
#. ..).# ###### #.#
#. #.#)# #...####)#'#
## .[..##
#...#..@)..# # #)#..#
#..##..gS).#
#.#.#.##.#..##..##g.#
#### .........#..##..
..# ....
#.#.#.####..##.. ..#
.. ##...##......#..
... #
#.###.##.##########.
# ###.#
#.##.##.###...##. #
.##.# #.##..........#


You could see a gnoll sergeant (ally target), a gnoll and a friendly adder
(charmed).

Vanquished Creatures
  Maggie (D:6)
  Grinder (D:4)
  A water moccasin (D:5)
  An orc warrior (D:6)
  A sky beast (D:6)
  2 ice beasts (D:6)
  2 ogres
  A scorpion (D:6)
  3 quasits (D:5)
  2 hounds
  An orc priest (D:3)
  Terence (D:3)
  A gnoll (D:6)
  2 adders
  A shadow imp (D:5)
  A white imp (D:5)
  2 ufetubi (D:6)
  6 worms
  A dart slug (D:5)
  7 orcs
  6 bats
  An endoplasm (D:2)
  7 giant cockroaches
  3 goblins
  5 hobgoblins
  4 jackals (D:1)
  6 kobolds
  2 quokkas
  4 ball pythons
  A frilled lizard (D:3)
  5 rats
82 creatures vanquished.

Vanquished Creatures (collateral kills)
  4 wights (D:6)
  An orc priest (D:6)
  An iguana (D:6)
  A gnoll (D:6)
  4 orcs (D:6)
11 creatures vanquished.

Vanquished Creatures (others)
  The ghost of pokeman the Thaumaturge, a novice DEHW of Vehumet (D:5)
  A black bear (D:6)
  2 ogres
  2 centaurs (D:6)
  A phantom (D:6)
  A wight (D:6)
  11 jellies
  A hound (D:5)
  3 adders (D:6)
  An orc (D:6)
  A goblin (D:4)
  A hobgoblin (D:3)
  A quokka (D:2)
  A ball python (D:4)
28 creatures vanquished.

Grand Total: 121 creatures vanquished

Notes
Turn   | Place    | Note
-------+----------+-------------------------------------------
     0 | D:1      | ParallaxScroll the Octopode Artificer began the quest for
                  | the Orb.
     0 | D:1      | Reached XP level 1. HP: 13/13 MP: 1/1
   125 | D:1      | Reached XP level 2. HP: 18/18 MP: 2/2
   187 | D:1      | You fall into a shaft and drop 1 floor!
   331 | D:2      | Found a faded altar of an unknown god.
   354 | D:2      | Prayed at the altar of an unknown god.
   354 | D:2      | Became a worshipper of Jiyva Josedeph the Shapeless
   354 | D:2      | Reached * piety under Jiyva
   397 | D:2      | Reached XP level 3. HP: 24/24 MP: 3/3
   614 | D:1      | Reached skill level 1 in Short Blades
   951 | D:2      | Reached ** piety under Jiyva
  1381 | D:3      | Found a broken altar of Ashenzari.
  1528 | D:3      | Reached XP level 4. HP: 29/29 MP: 4/4
  1611 | D:3      | Reached *** piety under Jiyva
  1902 | D:3      | Noticed Terence
  1910 | D:3      | Killed Terence
  1911 | D:3      | Reached XP level 5. HP: 36/36 MP: 5/5
  2093 | D:4      | Noticed Grinder
  2203 | D:4      | Reached **** piety under Jiyva
  2510 | D:4      | Killed Grinder
  2511 | D:4      | Reached skill level 5 in Stealth
  2511 | D:4      | Reached XP level 6. HP: 43/43 MP: 6/6
  2591 | D:5      | Entered Level 5 of the Dungeon
  2591 | D:5      | Gained mutation: One of your tentacles bears a spike.
                  | [Jiyva's grace]
  2591 | D:5      | Gained mutation: One of your tentacles bears a nasty spike.
                  | [Jiyva's grace]
  2591 | D:5      | Gained mutation: One of your tentacles bears a large
                  | vicious spike. [Jiyva's grace]
  2591 | D:5      | Gained mutation: Your flesh is heat resistant. (rF+)
                  | [Jiyva's grace]
  2591 | D:5      | Found a sparkling altar of Nemelex Xobeh.
  2601 | D:5      | Reached XP level 7. HP: 48/48 MP: 7/7
  2634 | D:5      | Found a transporter.
  2638 | D:5      | Noticed pokeman's ghost (novice DEHW)
  2697 | D:5      | Found Kudwue's CLEARANCE SALE!.
  2888 | D:5      | Found a transporter.
  2950 | D:5      | Reached ***** piety under Jiyva
  3085 | D:5      | Killed pokeman's ghost
  3335 | D:6      | Reached skill level 5 in Fighting
  3376 | D:6      | Reached XP level 8. HP: 55/55 MP: 8/8
  3511 | D:6      | Noticed Maggie
  3519 | D:6      | Killed Maggie
  3520 | D:6      | Reached skill level 5 in Short Blades
  3520 | D:6      | Reached skill level 5 in Dodging
  3620 | D:6      | HP: 1/56 [ice beast (10)]
  3621 | D:6      | Mangled by a gnoll sergeant

Illustrated notes

Levels and vault maps discovered:
D:1:      lightli_arrival_statuegarden, layout_basic
D:2:      layout_loops_corners, dreamdust_ecumenical_altar_statues
D:3:      layout_basic, mainiacjoe_overflow_paths, uniq_terence
D:4:      layout_rooms, feat_on_display, uniq_grinder
D:5:      lemuel_ice_spiral_2, layout_basic, mainiacjoe_overflow_chevrons,
          serial_corexii_hall, corexii_hall_statues_s, corexii_hall_statues_i,
          gammafunk_ghost_stat_death, serial_library_hellmonk_filled_rooms,
          amcnicky_mini_pool_small, hangedman_abyss_or_decor_lesser_grid,
          st_stairs_8, nicolae_shop_clearance
D:6:      minmay_polygon_palace, layout_loops_ring, serial_shops,
          nicolae_shop_tiny_real_fake_doors, st_stairs_12, corexii_shack,
          uniq_maggie

Skill      XL: |  1  2  3  4  5  6  7  8 |
---------------+-------------------------+-----
Stealth        | 2 3 5 6 |  6.0
Fighting       | 2 3 4 5 |  5.5
Evocations     | 4 |  4.7
Short Blades   | 1 2 3 4 6 |  6.0
Dodging        | 4 5 |  5.0

Action                     |  1- 3 |  4- 6 |  7- 9 || total
---------------------------+-------+-------+-------++-------
  Melee: Short sword       |     9 |       |       ||     9
         Tentacles         |    11 |    12 |    19 ||    42
         Constrict         |    10 |    10 |    12 ||    32
         Dagger            |    44 |    43 |    72 ||   159
         Punch             |     1 |       |     2 ||     3
         Kick              |       |       |    27 ||    27
  Evoke: Wand              |       |       |     9 ||     9
   Stab: Sleeping          |    13 |     6 |     5 ||    24
 Armour: Skin              |     9 |     7 |    30 ||    46
  Dodge: Dodged            |    22 |    24 |    66 ||   112

Table legend: (Time is in decaauts)
 A = Elapsed time spent in this place.
 B = Non-inter-level travel time spent in this place.
 C = Inter-level travel time spent in this place.
 D = Time resting spent in this place.
 E = Time spent auto-exploring this place.
 F = Levels seen in this place.
 G = Mean time per level.
                   A        B        C        D        E       F      G
               +--------+--------+--------+--------+--------+-----+--------+
         Total |   3592 |   3353 |    239 |     82 |   2659 |   6 |  598.7 |
       Dungeon |   3592 |   3353 |    239 |     82 |   2659 |   6 |  598.7 |
               +--------+--------+--------+--------+--------+-----+--------+

Top non-repeatable levels by time:
     D:2: 806 daAuts
     D:3: 669 daAuts
     D:5: 578 daAuts
     D:1: 570 daAuts
     D:4: 536 daAuts
     D:6: 431 daAuts
